 Dungeon Crawl Stone Soup version 0.25.0-9-g26727b657a (webtiles) character file.

Game seed: 18009704333338902898

44071 HoaS the Brawler (level 14, -1/96 HPs)
             Began as a Gargoyle Berserker on June 21, 2020.
             Was the Champion of Trog.
             Slain by a worker ant (4 damage)
             ... on level 4 of the Lair of Beasts.
             The game lasted 00:50:16 (18847 turns).

HoaS the Brawler (Gargoyle Berserker)              Turns: 18847, Time: 00:50:17

Health: -1/96      AC:  5    Str: 26    XL:     14   Next: 27%
Magic:  14/14      EV: 11    Int:  8    God:    Trog [******]
Gold:   3813       SH:  0    Dex:  9    Spells: 13/13 levels left

rFire    x . .     SeeInvis .     - Unarmed
rCold    + + .     Gourm    .   (no shield)
rNeg     + . .     Faith    .   w - quicksilver dragon scales
rPois    ∞         Spirit   .   y - +2 helmet
rElec    +         Reflect  .   (no cloak)
rCorr    .         Harm     .   F - +0 pair of gloves
MR       ++...                  A - +0 pair of boots
Stlth    ..........             (no amulet)
HPRegen  0.26/turn              I - ring of ice
MPRegen  0.14/turn              B - ring of protection from cold

@: corroded
A: big wings, negative energy resistance 1, electricity resistance, unbreathing,
petrification resistance, rot immunity, AC +10
a: Fly, Berserk, Trog's Hand, Brothers in Arms, Renounce Religion


You were on level 4 of the Lair of Beasts.
You worshipped Trog.
Trog was exalted by your worship.
You were not hungry.

You visited 3 branches of the dungeon, and saw 19 of its levels.
You also visited: Sewer and Ice Cave.

You collected 3897 gold pieces.
You spent 84 gold pieces at shops.

Inventory:

Armour
 c - a +0 plate armour
 w - quicksilver dragon scales (worn)
 y - a +2 helmet (worn)
 A - a +0 pair of boots (worn)
 F - a +0 pair of gloves (worn)
 K - the +2 cloak "Zoibu" {+Inv rC- rN+ SInv}
   (You found it on level 4 of the Lair of Beasts)

   It makes you vulnerable to cold.
   It protects you from negative energy.
   It lets you see invisible.
   It lets you turn invisible.
Jewellery
 d - the ring "Qumpoph" {+Fly rElec rF+ Str+2 Int+6}
   (You found it on level 6 of the Dungeon)

   [ring of intelligence]

   It affects your strength (+2).
   It affects your intelligence (+6).
   It protects you from fire.
   It insulates you from electricity.
   It lets you fly.
 g - an uncursed ring of see invisible
 p - an uncursed ring of fire
 B - a ring of protection from cold (right hand)
 I - a ring of ice (left hand)
Wands
 e - a wand of disintegration (25)
 j - a wand of acid (3)
 q - a wand of flame (71)
 t - a wand of polymorph (19)
 x - a wand of enslavement (7)
 H - a wand of iceblast (7)
 J - a wand of paralysis (8)
 L - a wand of clouds (4)
Scrolls
 a - a scroll of remove curse
 h - 8 scrolls of teleportation
 i - 5 scrolls of magic mapping
 l - 3 scrolls of identify
 z - 4 scrolls of fog
Potions
 f - 12 potions of heal wounds
 k - 5 potions of invisibility
 m - 17 potions of curing
 n - a potion of haste
 o - a potion of lignification
 r - 6 potions of might
 s - 2 potions of flight
 u - 3 potions of ambrosia
 C - a potion of cancellation
 D - 2 potions of berserk rage
 E - 2 potions of mutation
 G - a potion of resistance
Miscellaneous
 v - a lightning rod (4/4)
Comestibles
 b - 38 rations
 M - 2 chunks of flesh


   Skills:
 + Level 14.8 Fighting
 - Level 2.1 Armour
 - Level 1.5 Dodging
 * Level 18.8 Unarmed Combat


You had 13 spell levels left.
You didn't know any spells.
Your spell library was empty.

Dungeon Overview and Level Annotations

Branches:
Dungeon (12/15)            Temple (0/1) D:7            Lair (6/6) D:8
 Shoals (0/4) Lair:2        Snake (0/4) Lair:2        Slime (0/5) Lair:6
    Orc (1/2) D:10          Sewer (visited)           IceCv (visited)

Altars:
Elyvilon
Gozag
Kikubaaqudgha
Makhleb
Okawaru
Ru
Sif Muna
Trog

Shops:
D:4 *   D:10 [*(%(


Innate Abilities, Weirdness & Mutations

You are resistant to torment.
Your stone body is resilient. (AC +10)
You are immune to poison.
Your large and strong wings let you fly indefinitely.
You resist negative energy. (rN+)
You are resistant to electric shocks. (rElec)
You can survive without breathing.
You are immune to petrification.
You are immune to rotting.


Message History

The worker ant misses you.
The worker ant bites you but does no damage.
The worker ant bites you.
The entropy weaver completely misses you.
The entropy weaver hits you!
* * * LOW HITPOINT WARNING * * *
The entropy weaver completely misses you.
The entropy weaver hits you!
* * * LOW HITPOINT WARNING * * *
The worker ant closely misses you.
You hit the entropy weaver but do no damage.
The entropy weaver is moderately wounded.
The worker ant bites you.
* * * LOW HITPOINT WARNING * * *
The worker ant bites you.
* * * LOW HITPOINT WARNING * * *
The worker ant bites you.
* * * LOW HITPOINT WARNING * * *
The worker ant bites you.
You die...

...## #....#....##...#..#..#
P..## #...#..#..##.####.##..
....# #......#..##.###...#.#
.#..# #........[##..###..#.P
##.## #.....######.####.#÷..
##.# ##..#.)#####...##....÷
#..## #..)P.###..#...P###P..
#...# #######..a.##.....#.##
#...
##.####.#.#.#..a@#........P#
##..
##..#..#.......aaa........##
#..
#..........##........P.....#
#..
#######P..##.....P........##
#.. #........#..#........#
#.# ##.........>.#......P#
### #P...P###.(.##P####### #
####....# ##..#### #
####.##^..## #..####### #


You could see an entropy weaver and 4 worker ants.

Vanquished Creatures
  An entropy weaver (Lair:4)
  3 hydras
  Fannar (Lair:3)
  Erolcha (D:10)
  A centaur warrior (D:12)
  A catoblepas (Lair:5)
  2 two-headed ogres
  A death yak (Lair:4)
  A queen ant (Lair:4)
  Nergalle (Lair:4)
  4 skeletal warriors
  5 orc knights
  2 ugly things (IceCv)
  2 cyclopes
  A manticore (D:8)
  A merfolk siren (Lair:2)
  2 ice statues (IceCv)
  8 spiny frogs
  Psyche (D:10)
  A gargoyle (D:10)
  3 black mambas
  5 rime drakes
  A komodo dragon (Lair:5)
  A tengu conjurer (D:12)
  3 merfolk (Lair:2)
  8 trolls
  A dream sheep (Lair:6)
  5 hippogriffs
  11 blink frogs
  A shadow (D:11)
  A wyvern (D:11)
  4 basilisks
  Eustachio (D:4)
  13 yaks
  3 nagas (Lair:2)
  Edmund (D:5)
  12 water moccasins
  12 soldier ants (Lair:4)
  4 porcupines
  9 orc warriors
  3 eyes of draining
  A sky beast (D:11)
  2 black bears
  A necrophage (D:9)
  3 phantoms
  A hornet zombie (D:12)
  4 ogres
  10 ice beasts
  25 wolves
  4 centaurs
  10 crocodiles
  4 big kobolds
  6 bullfrogs
  A gnoll sergeant (D:6)
  A wyvern skeleton (D:11)
  A scorpion (D:10)
  12 killer bees
  4 wights (D:12)
  4 electric eels (D:8)
  7 howler monkeys
  7 crimson imps
  A bullfrog zombie (D:7)
  A jelly (D:6)
  2 centaur skeletons
  12 orc priests
  12 hounds
  5 bullfrog skeletons
  4 iguanas
  8 orc wizards
  14 worker ants
  A killer bee zombie (D:10)
  A hound zombie (D:9)
  4 hound skeletons
  2 worker ant zombies
  11 gnolls
  20 adders
  6 shadow imps
  5 oozes
  An adder zombie (D:6)
  2 adder skeletons
  A worm (D:3)
  A dart slug (D:2)
  5 leopard geckos
  47 orcs
  4 ball pythons
  9 bats
  7 giant cockroaches
  9 goblins
  8 hobgoblins
  7 jackals
  5 quokkas
  4 frilled lizards
  A jackal skeleton (D:5)
  29 kobolds
  A quokka skeleton (D:6)
  A quokka zombie (D:5)
  11 rats
512 creatures vanquished.

Vanquished Creatures (others)
  9 fungi
  5 plants
14 creatures vanquished.

Grand Total: 526 creatures vanquished

Notes
Turn   | Place    | Note
-------+----------+-------------------------------------------
     0 | D:1      | HoaS the Gargoyle Berserker began the quest for the Orb.
     0 | D:1      | Reached XP level 1. HP: 14/14 MP: 1/1
   276 | D:1      | Reached XP level 2. HP: 18/19 MP: 2/2
   363 | D:1      | Reached skill level 4 in Unarmed Combat
   557 | D:1      | Reached XP level 3. HP: 22/23 MP: 3/3
   560 | D:1      | Reached ** piety under Trog
  1019 | D:2      | Reached XP level 4. HP: 27/28 MP: 4/4
  1163 | D:2      | Reached skill level 5 in Unarmed Combat
  1347 | D:2      | Found a faded altar of an unknown god.
  1649 | D:3      | Found a glowing drain.
  1686 | D:3      | Reached *** piety under Trog
  1686 | D:3      | Reached XP level 5. HP: 32/32 MP: 5/5
  1688 | Sewer    | Entered a sewer
  1916 | Sewer    | Noticed a big kobold
  1916 | Sewer    | Noticed a big kobold
  1927 | Sewer    | Killed a big kobold
  1927 | Sewer    | Reached skill level 6 in Unarmed Combat
  1937 | Sewer    | Killed a big kobold
  1937 | Sewer    | Reached XP level 6. HP: 32/38 MP: 6/6
  2126 | D:3      | Reached **** piety under Trog
  2144 | D:3      | Found an opulent altar of Gozag.
  2318 | D:3      | Reached skill level 7 in Unarmed Combat
  2687 | D:4      | Reached XP level 7. HP: 14/44 MP: 7/7
  2878 | D:4      | Found a shimmering blue altar of Sif Muna.
  2984 | D:4      | Found an ancient bone altar of Kikubaaqudgha.
  2984 | D:4      | Found an iron altar of Okawaru.
  3064 | D:4      | Found a bloodstained altar of Trog.
  3137 | D:4      | Found Heni's General Store.
  3148 | D:4      | Bought a +0 helmet for 54 gold pieces
  3217 | D:4      | Reached skill level 5 in Fighting
  3465 | D:5      | Entered Level 5 of the Dungeon
  3465 | D:5      | Noticed Eustachio
  3485 | D:4      | Killed Eustachio
  3485 | D:4      | Reached skill level 8 in Unarmed Combat
  3502 | D:5      | Reached XP level 8. HP: 50/50 MP: 8/8
  3777 | D:5      | Noticed a two-headed ogre
  3787 | D:5      | Killed a two-headed ogre
  3787 | D:5      | Reached skill level 9 in Unarmed Combat
  3929 | D:5      | Reached skill level 10 in Unarmed Combat
  3973 | D:5      | Reached XP level 9. HP: 57/57 MP: 9/9
  4164 | D:5      | Noticed Edmund
  4185 | D:5      | Killed Edmund
  4538 | D:5      | Found a bloodstained altar of Trog.
  4561 | D:5      | Reached ***** piety under Trog
  4917 | D:6      | Got a glittering iron ring
  4918 | D:6      | Identified the ring "Qumpoph" {+Fly rElec rF+ Str+2 Int+6}
                  | (You found it on level 6 of the Dungeon)
  5323 | D:6      | Found a sacrificial altar of Ru.
  5438 | D:7      | Found a staircase to the Ecumenical Temple.
  5478 | D:7      | Reached skill level 11 in Unarmed Combat
  5588 | D:7      | Found a white marble altar of Elyvilon.
  5588 | D:7      | Found a burning altar of Makhleb.
  6646 | D:8      | Reached XP level 10. HP: 65/65 MP: 10/10
  6661 | D:8      | Reached skill level 12 in Unarmed Combat
  6664 | D:8      | Found a staircase to the Lair.
  7196 | D:8      | Noticed a manticore
  7223 | D:8      | Killed a manticore
  7668 | D:9      | Found a burning altar of Makhleb.
  7897 | D:10     | Entered Level 10 of the Dungeon
  7897 | D:10     | Noticed a cyclops
  7985 | D:9      | Reached skill level 13 in Unarmed Combat
  8313 | D:10     | Killed a cyclops
  8313 | D:10     | Reached skill level 10 in Fighting
  8314 | D:10     | Found Cuasiz's Armour Boutique.
  8550 | D:10     | Found Ciciol's Assorted Antiques.
  8562 | D:10     | Bought a scroll labeled ROMALE SUEFF for 30 gold pieces
  8596 | D:10     | Found Diokol's Food Shop.
  8602 | D:10     | Found Egrauhau's Weapon Emporium.
  8653 | D:10     | Noticed Erolcha
  8659 | D:10     | Killed Erolcha
  8659 | D:10     | Reached XP level 11. HP: 55/73 MP: 11/11
  8679 | D:10     | Received a gift from Trog
  8845 | D:10     | Found Ceestann's Antique Weapon Shoppe.
  8984 | D:10     | Noticed Psyche
  8988 | D:10     | Killed Psyche
  9165 | D:10     | Found a staircase to the Orcish Mines.
  9281 | Lair:1   | Entered Level 1 of the Lair of Beasts
  9381 | Lair:1   | Reached skill level 14 in Unarmed Combat
 10457 | D:11     | Identified a scroll of acquirement
 10537 | D:11     | Noticed a cyclops
 10553 | D:11     | Killed a cyclops
 11037 | D:12     | Noticed a centaur warrior
 11050 | D:12     | Killed a centaur warrior
 11180 | D:12     | Noticed a skeletal warrior
 11181 | D:12     | Noticed a skeletal warrior
 11185 | D:12     | Noticed a skeletal warrior
 11241 | D:12     | Noticed a five-headed hydra
 11259 | D:12     | Killed a five-headed hydra
 11259 | D:12     | Reached skill level 15 in Unarmed Combat
 11500 | D:12     | Noticed a two-headed ogre
 11511 | D:12     | Killed a two-headed ogre
 11511 | D:12     | Reached XP level 12. HP: 63/81 MP: 12/12
 12565 | Orc:1    | Entered Level 1 of the Orcish Mines
 12674 | D:10     | Reached skill level 16 in Unarmed Combat
 12837 | Orc:1    | Received a gift from Trog
 14007 | Orc:1    | Noticed an orc warlord
 14190 | Lair:2   | Found a staircase to the Snake Pit.
 14779 | Lair:2   | Found a staircase to the Shoals.
 15174 | Lair:2   | Reached XP level 13. HP: 84/88 MP: 13/13
 15588 | Lair:3   | Reached skill level 17 in Unarmed Combat
 15646 | Lair:3   | Noticed Fannar
 15665 | Lair:3   | Killed Fannar
 16356 | Lair:4   | Received a gift from Trog
 16585 | Lair:4   | Got a faintly glowing cloak
 16591 | Lair:4   | Identified the +2 cloak "Zoibu" {+Inv rC- rN+ SInv} (You
                  | found it on level 4 of the Lair of Beasts)
 16758 | Lair:4   | Noticed Nergalle
 16770 | Lair:4   | Killed Nergalle
 16929 | Lair:4   | Reached skill level 18 in Unarmed Combat
 17328 | Lair:5   | Found a frozen archway.
 17641 | IceCv    | Entered an ice cave
 17672 | IceCv    | Found a transporter.
 17691 | IceCv    | Found a transporter.
 17709 | IceCv    | Gained mutation: Your large and strong wings let you fly
                  | indefinitely. [Gargoyle growth]
 17709 | IceCv    | Reached XP level 14. HP: 67/96 MP: 14/14
 18084 | Lair:5   | You fall into a shaft and drop 1 floor!
 18084 | Lair:6   | Entered Level 6 of the Lair of Beasts
 18583 | Lair:5   | Noticed an entropy weaver
 18583 | Lair:5   | Noticed an entropy weaver
 18684 | Lair:4   | Reached ****** piety under Trog
 18735 | Lair:4   | Killed an entropy weaver
 18847 | Lair:4   | HP: 3/96 [worker ant (5)]
 18847 | Lair:4   | Slain by a worker ant

Illustrated notes

Levels and vault maps discovered:
D:1:      nicolae_arrival_somewhat_less_tricky_arrival, layout_basic,
          minmay_tetromino_i4
D:2:      layout_loops_ring, chequers_ecumenical_altar_grove, first_ration
D:3:      layout_basic, cheibrodos_sewer_entry_drain, grunt_gozag_statues
D:4:      cheibrodos_pilgrimage, layout_loops_cross, bloody_trog,
          gammafunk_temple_overflow_pools, serial_shops, shop, tgw_sif
D:5:      layout_layer_cave, serial_glass, glass_columns_a, glass_columns_a,
          glass_columns_c, glass_columns_a, trog_butcher_becter, uniq_eustachio,
          uniq_edmund
D:6:      layout_rooms, lemuel_doored_altar, chequers_serial_rivers_small_b,
          minivault_11
D:7:      layout_layer_cave, gammafunk_temple_overflow_statue,
          minmay_temple_entry_gardened_gates
D:8:      layout_gridville, erik_lair_island, columned_hall_lemuel
D:9:      layout_cave_pools, makhleb_blood_cavern_becter
D:10:     layout_irregular_city, orc_0_dummy, serial_shops,
          nicolae_shop_waterfront, nicolae_shop_crystal,
          nicolae_shop_behind_doors, nicolae_shop_overgrown_old_shop, shop,
          uniq_erolcha, uniq_psyche
D:11:     layout_long_grid
D:12:     layout_irregular_city, grunt_tengu_nest
Lair:1:   layout_long_grid
Lair:2:   layout_chaotic_city, elwin_shoals_entry_stream,
          minmay_snake_entry_guardpost_small
Lair:3:   layout_roguey, serial_rivers, chequers_serial_rivers_large_a,
          chequers_serial_rivers_marsh, chequers_serial_rivers_room_b,
          chequers_serial_rivers_marsh, uniq_fannar
Lair:4:   layout_loops_ring, beast_lair_carwin_7, lemuel_fruit_tree,
          uniq_nergalle
Lair:5:   layout_loops_ring, portal_ice_cave_rime, zaba_antful_of_joy,
          grunt_megastairs_5, infiniplex_staircase_pool
Lair:6:   hangedman_lair_in_review, layout_layer_cave, slime_altar_1,
          small_statue_intersection, infiniplex_staircase_pool_2, uniq_snorg
Orc:1:    layout_caves, ebering_ghost_inner_flame, special_room
          [special_room_orc]

Skill      XL: |  1  2  3  4  5  6  7  8  9 10 11 12 13 |
---------------+----------------------------------------+-----
Unarmed Combat | 4 5 6 7 8 10 11 13 15 16 18 | 18.8
Fighting       | 4 5 7 8 10 11 13 14 | 14.8
Armour         | |  2.1
Dodging        | |  1.5

Action                   |  1- 3 |  4- 6 |  7- 9 | 10-12 | 13-15 || total
-------------------------+-------+-------+-------+-------+-------++-------
Melee: Unarmed           |   145 |   262 |   410 |   720 |   511 ||  2048
       Punch             |     1 |     6 |    12 |    39 |    38 ||    96
Invok: Trog's Hand       |       |     1 |     1 |     3 |     2 ||     7
       Berserk           |       |       |     1 |     9 |     5 ||    15
Evoke: Wand              |       |       |     2 |     8 |     1 ||    11
       Lightning rod     |       |       |       |     1 |       ||     1
  Use: Scroll            |       |       |    19 |    17 |     3 ||    39
  Eat: Chunk             |     1 |     5 |    15 |    33 |    14 ||    68
       Ration            |       |       |       |     1 |     1 ||     2
Armor: Scale mail        |    63 |       |       |       |       ||    63
       Animal skin       |     4 |       |       |       |       ||     4
       Chain mail        |    13 |   192 |   246 |   420 |       ||   871
       Plate armour      |       |       |       |    80 |   279 ||   359
       Quicksilver drago |       |       |       |       |   147 ||   147
Dodge: Dodged            |    73 |   108 |   114 |   271 |   203 ||   769
